 Dungeon Crawl Stone Soup version 0.28.0-45-g0d030f2227 (webtiles) character file.

Game seed: 5059478390299294450

2328 Descartes the Grappler (level 9, 0/96 (118) HPs)
             Began as a Troll Wanderer on Apr 7, 2022.
             Slain by a wight
             ... wielding a +3 war axe
              (7 damage)
             ... on level 6 of the Dungeon on Apr 8, 2022.
             The game lasted 00:08:41 (5878 turns).

Descartes the Grappler (Troll Wanderer)             Turns: 5878, Time: 00:08:43

HP:   0/96 (118)    AC:  5    Str: 21    XL:     9   Next: 19%
MP:   11/11         EV:  9    Int: 12    God:
Gold: 228           SH:  0    Dex: 16    Spells: 11/12 levels left

rFire   . . .      SeeInvis .     - Unarmed
rCold   . . .      Faith    .   (no shield)
rNeg    + . .      Spirit   .   I - +1 robe {rN+}
rPois   .          Reflect  .   (helmet restricted)
rElec   .          Harm     .   (no cloak)
rCorr   .          Rampage  .   (gloves unavailable)
Will    .....                   (boots unavailable)
Stlth   ..........              (no amulet)
HPRegen 1.06/turn               f - +6 ring of dexterity
MPRegen 0.12/turn               u - ring of flight

@: berserking, lethally poisoned (0 -> -5), flying, heavily drained, very quick
A: large, unfitting armour, claws 3, regeneration 1, shaggy fur 1, tough skin 1
a: no special abilities


You were on level 6 of the Dungeon.
You visited 2 branches of the dungeon, and saw 8 of its levels.

You collected 228 gold pieces.

Inventory:

Hand Weapons
 c - a +0 dagger
 F - a +5 long sword of freezing
Missiles
 b - 28 poisoned darts (quivered)
 g - a throwing net
 r - 208 stones
 s - 10 javelins
 y - 2 boomerangs
Armour
 I - a +1 robe of positive energy (worn)
Jewellery
 f - a +6 ring of dexterity (left claw)
 u - a ring of flight (right claw)
 G - a ring of wizardry
 H - a ring of positive energy
Wands
 e - a wand of charming (16)
 o - a wand of paralysis (16)
 v - a wand of iceblast (7)
Scrolls
 i - a scroll of fog
 j - 3 scrolls of amnesia
 l - 3 scrolls of blinking {unknown}
 n - 3 scrolls of teleportation
 p - 2 scrolls of immolation {unknown}
 q - 2 scrolls of torment
 w - a scroll of enchant armour {unknown}
 B - 2 scrolls of identify
 C - a scroll of fear {unknown}
 D - a scroll of brand weapon {unknown}
 E - a scroll of silence {unknown}
Potions
 a - 2 potions of berserk rage
 h - a potion of brilliance {unknown}
 k - 2 potions of degeneration {unknown}
 m - a potion of curing {unknown}
 t - a potion of flight {unknown}
 x - a potion of magic {unknown}
 z - 2 potions of mutation {unknown}
 A - a potion of attraction {unknown}


   Skills:
 - Level 2.0 Fighting
 - Level 1.5 Polearms
 + Level 4.3 Throwing
 - Level 10.0 Unarmed Combat
 - Level 2.0 Spellcasting
 - Level 1.3 Conjurations
 - Level 1.0 Invocations
 + Level 3.2 Evocations


You had 11 spell levels left.
You knew the following spells:

 Your Spells              Type           Power      Damage    Failure   Level
a - Foxfire               Conj/Fire      8%         2x1d4     21%         1

Your spell library contained the following spells:

 Spells                   Type           Power      Damage    Failure   Level
 Stone Arrow              Conj/Erth      4%         3d7       52%         3


Dungeon Overview and Level Annotations

Branches:
Dungeon (7/15)             Temple (1/1) D:5

Altars:
Ashenzari
Cheibriados
Dithmenos
Elyvilon
Fedhas
Gozag
Hepliaklqana
Kikubaaqudgha
Makhleb
Nemelex Xobeh
Okawaru
Qazlal
Ru
Sif Muna
Trog
Uskayaw
Vehumet
Wu Jian
Xom
Yredelemnul
Zin
The Shining One

Annotations:
D:7 exclusion: ice statue


Innate Abilities, Weirdness & Mutations

You are too large for most types of armour.
You have claws for hands.
Your natural rate of healing is unusually fast.
You are covered in fur. (AC +1)
You have tough skin. (AC +1)


Message History

You fly downwards.
There is a stone staircase leading up here.
Things that are here:
a +0 whip; a +0 short sword
There is a stone staircase leading down here.
There is an open door here.
Things that are here:
a +0 robe; a +3 long sword Done exploring.
There is an open door here.
There is a stone staircase leading down here.
You fly downwards.
Level annotation: exclusion: ice statue The water moccasin misses you.
The wight hits you with a +3 war axe!
The water moccasin bites you but does no damage.
The wight barely misses you.
There is a stone staircase leading up, spattered with blood here.
There are monsters nearby!
The water moccasin closely misses you. The wight hits you with a +3 war axe!
You partially resist.
You feel drained.
The wight hits you with a +2 great sword of venom!
You partially resist.
You feel drained.
You are poisoned.
The wight hits you from afar with a +0 trident!
* * * LOW HITPOINT WARNING * * *
You partially resist.
You feel drained.
* * * LOW HITPOINT WARNING * * *
The water moccasin bites you.
* * * LOW HITPOINT WARNING * * *
You fly upwards.
* * * LOW HITPOINT WARNING * * *
You feel extremely sick.
There is a stone staircase leading down here.
It was a potion of berserk rage.
A red film seems to cover your vision as you go berserk!
You feel yourself moving faster!
You feel mighty!
* * * LOW HITPOINT WARNING * * *
You feel very sick. The wight hits you with a +3 war axe!
You die...

#........## #........##
########........##
#...............##
#...............#.
#...............#.
#...........[...#.
######S..............#.
#....'@................
#.####zz..####.......#.
#[# #...[# #.......#. #.#
#.##.############# ###.##
#.##).)...........
#....###....)............
#....'........##.########
#....#..####.......#
#....#..# #.......#


You could see a water moccasin and 2 wights.

Vanquished Creatures
  Sigmund (D:5)
  A sky beast (D:3)
  A hornet zombie (D:6)
  An ice beast (D:6)
  2 necrophages (D:6)
  5 ogres
  3 phantoms
  A kobold brigand (D:6)
  A scorpion (D:4)
  6 wights
  A bullfrog zombie (D:5)
  A centaur zombie (D:4)
  A jelly (D:6)
  A bullfrog skeleton (D:6)
  2 centaur skeletons
  3 orc priests
  A gnoll shaman (D:7)
  4 hounds
  An iguana (D:5)
  An orc wizard (D:5)
  A hound skeleton (D:5)
  9 gnolls
  6 adders
  An ufetubus (D:6)
  A worm (D:3)
  2 dart slugs
  8 orcs
  7 bats
  8 endoplasms
  4 giant cockroaches
  7 goblins
  6 hobgoblins
  5 kobolds
  4 quokkas
  4 ball pythons
  5 frilled lizards
  12 rats
128 creatures vanquished.

Notes
Turn   | Place    | Note
-------+----------+-------------------------------------------
     0 | D:1      | Descartes the Troll Wanderer began the quest for the Orb.
     0 | D:1      | Descartes set off with the following items: a +2 spear, 11
                  | poisoned darts, a +0 dagger, a +0 robe; and the following
                  | spell memorised: Foxfire; and the following spells
                  | available to memorise: Stone Arrow
     0 | D:1      | Reached XP level 1. HP: 16/16 MP: 1/1
    48 | D:1      | Reached skill level 1 in Unarmed Combat
    87 | D:1      | Reached XP level 2. HP: 24/24 MP: 2/2
   190 | D:1      | Reached skill level 2 in Unarmed Combat
   500 | D:1      | Reached XP level 3. HP: 31/31 MP: 3/3
  1434 | D:2      | Reached skill level 3 in Unarmed Combat
  1442 | D:2      | Reached XP level 4. HP: 23/39 MP: 4/4
  1977 | D:3      | Noticed a phantom
  1985 | D:3      | Killed a phantom
  1986 | D:3      | Reached skill level 4 in Unarmed Combat
  1986 | D:3      | Reached XP level 5. HP: 44/45 MP: 5/5
  2095 | D:3      | Reached skill level 5 in Unarmed Combat
  2329 | D:3      | Noticed a sky beast
  2339 | D:3      | Killed a sky beast
  2340 | D:3      | Reached XP level 6. HP: 32/53 MP: 6/6
  2583 | D:4      | Reached skill level 6 in Unarmed Combat
  2727 | D:4      | Reached skill level 7 in Unarmed Combat
  2849 | D:4      | Reached XP level 7. HP: 58/59 MP: 7/7
  2852 | D:4      | Found a stormy altar of Qazlal.
  3054 | D:5      | Entered Level 5 of the Dungeon
  3078 | D:5      | Reached skill level 8 in Unarmed Combat
  3458 | D:5      | Found a staircase to the Ecumenical Temple.
  3533 | Temple   | Entered the Ecumenical Temple
  4161 | D:5      | Noticed Sigmund
  4168 | D:5      | Killed Sigmund
  4169 | D:5      | Reached skill level 9 in Unarmed Combat
  4169 | D:5      | Reached XP level 8. HP: 41/67 MP: 8/8
  4484 | D:5      | Reached skill level 10 in Unarmed Combat
  4770 | D:6      | Reached skill level 1 in Fighting
  5068 | D:6      | Reached XP level 9. HP: 72/77 MP: 11/11
  5668 | D:7      | Noticed an ice statue
  5878 | D:6      | Slain by a wight

Illustrated notes

Levels and vault maps discovered:
D:1:      dpeg_arrival_three_smaller_balls, layout_basic
D:2:      layout_loops_ring
D:3:      layout_basic, kennysheep_decorative_pillar, minmay_between
D:4:      layout_rooms, lemuel_doored_altar
D:5:      layout_gridville, minmay_temple_entry_mini_moons,
          hangedman_decor_clover_reticule, st_stairs_14, uniq_sigmund
D:6:      layout_basic
D:7:      lemuel_ice_statue, layout_gridville, serial_shops, shop_coins
Temple:   nicolae_temple_the_god_donut

Skill      XL: |  1  2  3  4  5  6  7  8  9 |
---------------+----------------------------+-----
Unarmed Combat | 1 2 3 4 5 7 9 10 | 10.0
Throwing       | 3 4 |  4.3
Fighting       | 2 |  2.0
Evocations     | 2 3 |  3.2
Spellcasting   | 2 |  2.0
Polearms       | |  1.5
Conjurations   | |  1.3
Invocations    | |  1.0

Action                   |  1- 3 |  4- 6 |  7- 9 || total
-------------------------+-------+-------+-------++-------
Melee: Unarmed           |   107 |    91 |   172 ||   370
       Spear             |     6 |       |       ||     6
       Punch             |     1 |     5 |    13 ||    19
Evoke: Wand              |       |       |     1 ||     1
  Use: Scroll            |       |     4 |       ||     4
       Potion            |       |       |     1 ||     1
 Stab: Sleeping          |     1 |     2 |     2 ||     5
       Distracted        |       |     1 |       ||     1
Armor: Robe              |    52 |    14 |    31 ||    97
Dodge: Dodged            |    53 |    35 |    64 ||   152
